 Dungeon Crawl Stone Soup version 0.26.1-11-gd32895ea62 (webtiles) character file.

Game seed: 2124927363729494498

102 Descartes the Sneak (level 4, -3/19 HPs)
             Began as a Felid Transmuter on July 16, 2021.
             Killed from afar by an orc wizard (6 damage)
             ... with a magic dart
             ... on level 3 of the Dungeon.
             The game lasted 00:07:52 (4743 turns).

Descartes the Sneak (Felid Transmuter)              Turns: 4743, Time: 00:07:52

Health: -3/19      AC:  1    Str:  7    XL:     4   Next: 50%
Magic:  9/9        EV: 18    Int: 15    God:
Gold:   149        SH:  0    Dex: 16    Spells: 8/9 levels left
                                        Lives:  0   Deaths: 1

rFire    . . .     SeeInvis +     - Unarmed
rCold    . . .     Faith    .   (shield unavailable)
rNeg     . . .     Spirit   .   (armour unavailable)
rPois    .         Reflect  .   (helmet unavailable)
rElec    .         Harm     .   (cloak unavailable)
rCorr    .         Rampage  .   (gloves unavailable)
Will     .....                  (boots unavailable)
Stlth    +++++.....             (no amulet)
HPRegen  0.06/turn              (no ring)
MPRegen  0.11/turn              p - ring of stealth

@: appendages, quick
A: very small, no armour, no weapons or thrown items, stealth, claws 1, fangs 3,
horns 2, see invisible, speed 1, shaggy fur 1, sharp paws
a: End Transformation


You were on level 3 of the Dungeon.
You had grown temporary horns.
You visited 1 branch of the dungeon, and saw 4 of its levels.

You collected 149 gold pieces.

Inventory:

Missiles
 a - 95 stones
Jewellery
 p - a ring of stealth (right paw)
Wands
 m - a wand of flame (15)
Scrolls
 b - 3 scrolls of enchant weapon {unknown}
 d - a scroll of random uselessness {unknown}
 h - 2 scrolls of identify {unknown}
 i - 2 scrolls of remove curse
 k - a scroll of enchant armour {unknown}
 l - a scroll of teleportation {unknown}
 n - a scroll of blinking {unknown}
Potions
 c - a potion of flight {unknown}
 f - a potion of attraction {unknown}
 g - a potion of lignification {unknown}
 j - 2 potions of heal wounds {unknown}
 o - a potion of haste {unknown}


   Skills:
 - Level 1.0 Fighting
 - Level 2.6 Dodging
 + Level 5.5 Stealth
 - Level 3.0 Unarmed Combat
 + Level 3.1 Spellcasting
 + Level 3.4 Transmutations


You had 8 spell levels left.
You knew the following spells:

 Your Spells              Type           Power        Failure   Level
a - Beastly Appendage     Tmut           24%          4%          1

Your spell library contained the following spells:

 Spells                   Type           Power        Failure   Level
 Wereblood                Tmut           12%          8%          2
 Spider Form              Tmut/Pois      3%           28%         3
 Ice Form                 Ice/Tmut       7%           67%         4
 Blade Hands              Tmut           6%           80%         5


Dungeon Overview and Level Annotations

Branches:
Dungeon (4/15)
 Temple: D:4-7

Altars:
Okawaru


Innate Abilities, Weirdness & Mutations

You cannot wear armour.
You are incapable of wielding weapons or throwing items.
Your paws allow you to move quietly. (Stealth)
You have sharp claws.
You have razor-sharp teeth.
You have supernaturally acute eyesight. (SInv)
You cover ground quickly.
You are covered in fur. (AC +1)
Your sharp claws are effective at attacking unaware monsters.
You have a pair of horns on your head.


Message History

You see here a frilled lizard corpse.
You completely miss the orc wizard.
You headbutt the orc wizard, but do no damage.
The orc wizard is lightly wounded.
The orc wizard hits you with a +0 dagger.
You scratch the orc wizard. Your bite misses the orc wizard.
The orc wizard is heavily wounded.
The orc misses you.
The orc wizard hits you with a +0 dagger.
You closely miss the orc wizard.
The orc wizard is heavily wounded.
The orc closely misses you.
The orc wizard gestures at you while chanting.
The magic dart hits you.
* * * LOW HITPOINT WARNING * * *
You scratch the orc wizard.
The orc wizard is almost dead.
The orc wizard gestures at you while chanting.
The magic dart hits you.
You die...

##.###.## #....[##.# # ###...##.#
####..##.# # #...#.##.########
#..##.# # #.#...##........#
#..##.# # #.######.######.#
#..##.# # ####.# #.# #.# #..##.#
# ...#.######.######.###.###.# #
.#.#..........[.#...##.###.# #
...#..........[o@........#.# #
..^...##.##.###o#....#...#.######
#.######.##......................
#.# #.##.##.............######
#.# #.##....(...#.......# #.#
#.##########......### #.# #.#
#........# #.######.####
#.#...####
#...........#####.##.##


You could see an orc wizard and an orc.

Vanquished Creatures
  A hound (D:2)
  A centaur skeleton (D:4)
  4 adders
  2 oozes
  3 worms (D:3)
  A dart slug (D:1)
  3 leopard geckos
  7 orcs
  7 bats
  3 giant cockroaches
  7 goblins
  4 hobgoblins
  5 jackals
  11 kobolds
  A quokka (D:2)
  A ball python (D:1)
  6 frilled lizards
  5 rats
72 creatures vanquished.

Notes
Turn   | Place    | Note
-------+----------+-------------------------------------------
     0 | D:1      | Descartes the Felid Transmuter began the quest for the Orb.
     0 | D:1      | Reached XP level 1. HP: 9/9 MP: 4/4
   110 | D:1      | Reached skill level 1 in Stealth
   262 | D:1      | Reached skill level 2 in Stealth
   490 | D:1      | Reached XP level 2. HP: 10/12 MP: 4/6
   545 | D:1      | Found an iron altar of Okawaru.
   583 | D:1      | Reached skill level 3 in Stealth
  1224 | D:1      | Reached skill level 4 in Stealth
  1224 | D:1      | Reached XP level 3. HP: 5/15 MP: 7/7
  1540 | D:2      | Found a faded altar of an unknown god.
  2355 | D:2      | Reached XP level 4. HP: 7/19 MP: 6/8
  3031 | D:3      | Reached skill level 5 in Stealth
  3474 | D:3      | Reached XP level 5. HP: 21/22 MP: 10/10
  4327 | D:4      | Slain by an orc
  4328 | D:4      | Reached XP level 4. HP: -5/19 MP: 9/9
  4743 | D:3      | Killed from afar by an orc wizard

Illustrated notes

Levels and vault maps discovered:
D:1:      dpeg_arrival_solitude, layout_rooms, okawaru_ov_weapons_minmay
D:2:      layout_basic, chequers_ecumenical_altar_island,
          kennysheep_generic_room_9
D:3:      layout_loops_ring
D:4:      layout_layer_cave, lemuel_coloured_pillars_altar

Skill      XL: |  1  2  3  4  5 |
---------------+----------------+-----
Stealth        | 2 4 5 |  5.5
Transmutations | 3 |  3.4
Spellcasting   | 3 |  3.1
Fighting       | |  1.0
Dodging        | |  2.6
Unarmed Combat | |  3.0

Action                   |  1- 3 |  4- 6 || total
-------------------------+-------+-------++-------
Melee: Unarmed           |   108 |   154 ||   262
       Headbutt          |    14 |    19 ||    33
       Bite              |     7 |    12 ||    19
       Punch             |       |     1 ||     1
 Cast: Beastly Appendage |    29 |    28 ||    57
  Use: Scroll            |       |     1 ||     1
 Stab: Sleeping          |     5 |     6 ||    11
Armor: Skin              |    11 |     6 ||    17
Dodge: Dodged            |   100 |   132 ||   232
